 Dungeon Crawl Stone Soup version 0.20.0-4-g10b340a (webtiles) character file.

56 Deathclocker the Poker (level 3, -4/42 HPs)
             Began as a Merfolk Gladiator on May 28, 2017.
             Was an Initiate of Ashenzari.
             Killed by nerve-wracking pain
             ... invoked by an orc priest
              (11 damage)
             ... on level 3 of the Dungeon.
             The game lasted 00:04:14 (2141 turns).

Deathclocker the Poker (Merfolk Gladiator)          Turns: 2141, Time: 00:04:15

Health: -4/42      AC:  4    Str: 20    XL:     3   Next: 95%
Magic:  3/3        EV: 14    Int:  7    God:    Ashenzari [......]
Gold:   56         SH:  0    Dex: 15    Spells: 2/2 levels left

rFire    + . .     SeeInvis .   a - +0 trident
rCold    . . .     Gourm    .   (no shield)
rNeg     . . .     Faith    .   b - +0 leather armour (curse)
rPois    .         Spirit   .   c - +0 helmet (curse)
rElec    .         Reflect  .   (no cloak)
rCorr    .         Harm     .   (no gloves)
MR       .....                  (no boots)
Stlth    ..........             (no amulet)
Regen    0.2/turn               m - ring of protection from fire
MPRegen  0.1/turn               (no ring)

@: berserking, very quick
A: change form in water, swift swim, stealthy swim
a: Curse Item, Renounce Religion


You were on level 3 of the Dungeon.
You worshipped Ashenzari.
Ashenzari was noncommittal.
You were hungry.

You visited 1 branch of the dungeon, and saw 3 of its levels.

You collected 56 gold pieces.

Inventory:

Hand Weapons
 a - a +0 trident (weapon)
Missiles
 d - 3 throwing nets (quivered)
Armour
 b - a cursed +0 leather armour (worn)
 c - a cursed +0 helmet (worn)
Jewellery
 m - a ring of protection from fire (left hand)
Scrolls
 g - 4 scrolls of identify {unknown}
 i - 2 scrolls of enchant armour {unknown}
 j - a scroll of fear {unknown}
 k - a scroll of blinking {unknown}
 l - 2 scrolls of teleportation {unknown}
Potions
 h - a potion of heal wounds {unknown}
 n - a potion of berserk rage
Comestibles
 f - 3 bread rations


   Skills:
 + Level 2.5 Fighting
 + Level 5.7 Polearms
 - Level 2.0 Throwing
 + Level 0.7 Armour
 + Level 4.2 Dodging
 + Level 1.3 Stealth


You had 2 spell levels left.
You didn't know any spells.

Dungeon Overview and Level Annotations

Branches:
Dungeon (3/15)

Altars:
Ashenzari


Message History

The orc priest begins to cast a cantrip, but forgets the words!
You hit the orc priest but do no damage.
The orc priest calls down the wrath of Beogh upon you.
Beogh smites you!
Ouch! That really hurt!
* * * LOW HITPOINT WARNING * * *
You are too injured to fight recklessly!
You are too injured to fight recklessly!
You are too injured to fight recklessly!
You are too injured to fight recklessly!
You hit the orc priest.
The orc priest is lightly wounded.
The orc priest hits you with a dagger.
* * * LOW HITPOINT WARNING * * *
It was a potion of berserk rage.
A red film seems to cover your vision as you go berserk!
You feel yourself moving faster!
You feel mighty!
The orc priest calls down the wrath of Beogh upon you.
Pain shoots through your body!
You die...

#.# ##.. ..# # #..#
#.# #..#.. #..# #.#
....#. #..# #.# #o.#.
#..# #.# # #... #..#
#.# #.#.## #..## #.#
#.... ##...#
#..##############..#..
#...o@............###.
##.##############..#..
#. ##..<# #. ##.## #(
#.# #. #.# #. #.# #.
#. #.


You could see an orc priest.

Vanquished Creatures
  An ooze (D:2)
  2 leopard geckos (D:2)
  An orc (D:3)
  A ball python (D:2)
  A giant cockroach (D:1)
  10 goblins
  4 hobgoblins (D:2)
  5 jackals (D:2)
  6 kobolds
  A quokka (D:2)
  5 bats
  2 frilled lizards
  5 rats
44 creatures vanquished.

Notes
Turn   | Place    | Note
-------+----------+-------------------------------------------
     0 | D:1      | Deathclocker the Merfolk Gladiator began the quest for the Orb.
     0 | D:1      | Reached XP level 1. HP: 16/16 MP: 1/1
   197 | D:1      | Reached XP level 2. HP: 21/22 MP: 2/2
   619 | D:1      | Reached skill level 5 in Polearms
   789 | D:2      | Reached XP level 3. HP: 22/28 MP: 3/3
   904 | D:2      | Found a shattered altar of Ashenzari.
  1076 | D:2      | Reached skill level 1 in Stealth
  1358 | D:2      | Became a worshipper of Ashenzari the Shackled
  1567 | D:2      | Found a faded altar of an unknown god.
  1858 | D:3      | HP: 1/28 [orc priest/divine providence (12)]
  2141 | D:3      | Killed from afar by an orc priest

Skill      XL: |  1  2  3 |
---------------+----------+-----
Polearms       | 5 |  5.7
Stealth        | 1 |  1.3
Fighting       | |  2.5
Throwing       | |  2.0
Armour         | |  0.7
Dodging        | |  4.2

Action                   || total
-------------------------++-------
Melee: Trident           ||   127
Invok: Curse Item        ||     2
  Use: Potion            ||     1
 Stab: Sleeping          ||     7
  Eat: Chunk             ||     3
Armor: Leather armour    ||    22
Dodge: Dodged            ||    57
